 Dungeon Crawl Stone Soup version 0.18-a0-1507-g69458e0 (webtiles) character file.

24 Goblin1989 the Cudgeler (level 3, -5/23 HPs)
             Began as a Gargoyle Fighter on Mar 5, 2016.
             Slain by a worm (7 damage)
             ... on level 2 of the Dungeon.
             The game lasted 00:01:21 (499 turns).

Goblin1989 the Cudgeler (Gargoyle Fighter)           Turns: 499, Time: 00:01:21

Health: -5/23      AC: 10    Str: 25    XL:     3   Next: 2%
Magic:  3/3        EV:  7    Int:  8    God:
Gold:   69         SH:  9    Dex:  9    Spells: 0 memorised, 2 levels left

rFire  . . .     SeeInvis .     a - +0 flail
rCold  . . .     Gourm    .     b - +0 scale mail
rNeg   + . .     Faith    .     c - +0 shield
rPois  ∞         Spirit   .     (no helmet)
rElec  +         Dismiss  .     (no cloak)
rCorr  .         Reflect  .     (no gloves)
SustAt .         Harm     .     (no boots)
MR     .....                    (no amulet)
Stlth  ..........               (no ring)
                                (no ring)

@: mighty, not resistant to hostile enchantments, extremely unstealthy
A: negative energy resistance 1, electricity resistance, unbreathing,
petrification resistance, rot immunity, AC +3
a: no special abilities


You were on level 2 of the Dungeon.
You were not hungry.

You visited 1 branch of the dungeon, and saw 2 of its levels.

You collected 69 gold pieces.

Inventory:

Hand Weapons
 a - a +0 flail (weapon)
Armour
 b - a +0 scale mail (worn)
 c - a +0 shield (worn)
Scrolls
 e - a scroll of identify {unknown}
 k - a scroll of fog {unknown}
Potions
 g - 2 potions of heal wounds {unknown}
 h - 2 potions of brilliance {unknown}
 i - a potion of curing {unknown}
 j - a potion of mutation {unknown}
Comestibles
 f - 3 bread rations


   Skills:
 - Level 3.2 Fighting
 * Level 3.4 Maces & Flails
 - Level 3.2 Armour
 - Level 3.2 Shields


You had 2 spell levels left.
You didn't know any spells.

Dungeon Overview and Level Annotations

Branches:
Dungeon (2/15)

Altars:


Innate Abilities, Weirdness & Mutations

You are resistant to torment.
Your stone body is resilient (AC +3).
You are immune to poison.
You resist negative energy.
You are resistant to electric shocks.
You can survive without breathing.
You are immune to petrification.
You are immune to rotting.


Message History

You block the worm's attack. The jackal bites you.
* * * LOW HITPOINT WARNING * * *
You block the rat's attack.
You closely miss the jackal. You block the kobold's attack.
The jackal barely misses you. The rat bites you but does no damage.
You block the kobold's attack. The worm bites you but does no damage.
The jackal bites you but does no damage.
You miss the jackal. You block the jackal's attack.
The rat bites you but does no damage. The kobold hits you but does no damage.
Drink which item? (? for menu, Esc to quit)
You feel very mighty all of a sudden. You block the jackal's attack.
You block the rat's attack. The kobold hits you but does no damage.
The worm barely misses you. You block the jackal's attack.
You barely miss the worm.
The worm is moderately wounded.
The jackal bites you but does no damage.
The rat bites you but does no damage. You block the kobold's attack.
The worm bites you!
You die...

#. . ... .. .. ..
...#### .# ..# .......
##.##..# .......
#......#
......w###..#....
.>....K@hh...# .... .
.##...r###.#.#.##.#..###
#.... #.#.# .........
#.... #.#.# #.#..#..
#.... #.#.####....#..
#.... #...........#..
##########†#####...#..
...)...............
#######.#####......


You could see a worm, 2 jackals, a kobold and a rat.

Vanquished Creatures
  A giant gecko (D:2)
  2 giant cockroaches (D:1)
  2 goblins (D:1)
  2 hobgoblins (D:1)
  3 jackals (D:1)
  3 bats (D:1)
  8 kobolds
21 creatures vanquished.

Notes
Turn   | Place    | Note
--------------------------------------------------------------
     0 | D:1      | Goblin1989 the Gargoyle Fighter began the quest for the Orb.
     0 | D:1      | Reached XP level 1. HP: 14/14 MP: 1/1
    92 | D:1      | Reached XP level 2. HP: 19/19 MP: 2/2
   473 | D:2      | Reached XP level 3. HP: 16/23 MP: 3/3
   495 | D:2      | HP: 1/23 [jackal (2)]
   499 | D:2      | Slain by a worm

Vault maps used:
D:1:      lordsloth_arrival_two_stooges, minivault_19, columned_hall_lemuel
D:2:      nicolae_dithmenos_shadow_blocks

Skill      XL: |  1  2 |
---------------+-------+-----
Maces & Flails | 3 |  3.4
Fighting       | |  3.2
Armour         | |  3.2
Shields        | |  3.2

Action                   || total
-------------------------++-------
Melee: Flail             ||    88
  Use: Potion            ||     1
